 Dungeon Crawl Stone Soup version 0.32-a0-918-g0f22ef8d61 (webtiles) character file.

Game seed: 14548039684149611113

4107 DEFE the Cleaver (level 10, 0/70 HPs)
             Began as a Coglin Fighter on Apr 10, 2024.
             Was a Priest of Okawaru.
             Slain by a steam dragon (1 damage)
             ... on level 8 of the Dungeon.
             The game lasted 00:07:55 (9015 turns).

DEFE the Cleaver (Coglin Fighter)                   Turns: 9015, Time: 00:07:55

Health: 0/70       AC: 16    Str: 21    XL:     10   Next: 26%
Magic:  14/14      EV:  5    Int:  8    God:    Okawaru [***...]
Gold:   525        SH:  0    Dex: 13    Spells: 9/9 levels left

rFire   . . .        a - +1 war axe (spect) {Tae}
rCold   . . .        g - +3 hand axe {Wigmund}
rNeg    . . .        o - +0 plate armour
rPois   .            h - +0 helmet
rElec   .            D - +1 cloak
rCorr   .            t - +0 pair of gloves
SInv    .            C - +0 pair of boots
Will    .....        (amulet unavailable) Stlth
                     (ring unavailable)
HPRegen 0.31/turn    (ring unavailable)
MPRegen 0.14/turn    (no gizmo)

%: no passive effects
@: no status effects
A: off-hand wielding, slow wielding, warmup strikes, no jewellery
a: Invent Gizmo, Renounce Religion, Heroism


You were on level 8 of the Dungeon.
You worshipped Okawaru.
Okawaru was most pleased with you.
You visited 2 branches of the dungeon, and saw 9 of its levels.
You also visited: Sewer and Ossuary.

You collected 525 gold pieces.

Inventory:

Hand Weapons
 a - a +1 spectral war axe (weapon) {Tae}
 g - a +3 hand axe (offhand) {Wigmund}
 B - a +0 heavy hand axe {Feng}
Missiles
 p - a throwing net (quivered)
Armour
 b - a +0 scale mail
 c - a +0 buckler
 h - a +0 helmet (worn)
 o - a +0 plate armour (worn)
 t - a +0 pair of gloves (worn)
 C - a +0 pair of boots (worn)
 D - a +1 cloak (worn)
Wands
 r - a wand of polymorph (9)
Scrolls
 i - 2 scrolls of poison
 k - a scroll of amnesia
 l - 2 scrolls of blinking
 q - a scroll of enchant weapon
 s - a scroll of teleportation
 u - a scroll of fear
 x - a scroll of fog
 y - a scroll of noise
 A - a scroll of butterflies
Potions
 d - 3 potions of might
 e - 2 potions of berserk rage
 f - 2 potions of enlightenment
 j - a potion of curing {unknown}
 m - 4 potions of heal wounds
 n - 2 potions of haste {unknown}
 v - a potion of lignification
 w - 3 potions of resistance
 z - a potion of magic
 E - 3 potions of brilliance {unknown}
 F - a potion of mutation {unknown}


   Skills:
 - Level 3.0 Fighting
 + Level 12.2 Axes
 - Level 2.6 Armour
 - Level 2.1 Shields
 + Level 6.5 Invocations
 + Level 1.8 Evocations


You had 9 spell levels left.
You didn't know any spells.
Your spell library contained the following spells:

 Spells                   Type           Power      Damage    Failure   Level
 Ensorcelled Hibernation  Hex/Ice        0%         N/A       100%        2
 Passwall                 Erth           0%         N/A       100%        3
 Swiftness                Air            0%         N/A       100%        3
 Teleport Other           Tloc           0%         N/A       100%        3
 Volatile Blastmotes      Fire/Tloc      0%         2d10      100%        3
 Fulminant Prism          Conj/Alch      0%         3d5       100%        4
 Iskenderun's Mystic Bla Conj/Tloc 0%             2d3        (+2d1     100%        4
 Passage of Golubria      Tloc           0%         N/A       100%        4
 Silence                  Hex/Air        0%         N/A       100%        5
 Dispersal                Tloc           0%         N/A       100%        6
 Gell's Gavotte           Tloc           0%         2d(11-16) 100%        6
 Lehudib's Crystal Spear  Conj/Erth      0%         10d2      100%        8


Dungeon Overview and Level Annotations

Branches:
Dungeon (8/15)             Temple (1/1) D:5           Sewer (visited)
Ossuary (visited)
   Lair: D:8-11

Altars:
Cheibriados
Dithmenos
Elyvilon
Fedhas
Gozag
Hepliaklqana
Kikubaaqudgha
Makhleb
Nemelex Xobeh
Okawaru
Qazlal
Ru
Sif Muna
Trog
Uskayaw
Vehumet
Wu Jian
Yredelemnul
Zin
The Shining One

Shops:
D:6 :

Annotations:
D:8 1 transporter, NotYourErnst's ghost, novice GrIE


Innate Abilities, Weirdness & Mutations

You can wield a second weapon in your off-hand.
It takes a long time for you to wield or remove held weapons.
Your first few attacks do less damage.
You cannot equip rings or amulets.


Message History

Your +1 spectral war axe {Tae} disappears.
You feel sick.
Unknown command.
* * * LOW HITPOINT WARNING * * *
You feel very sick.
You start resting.
You feel sick. x8
You are no longer poisoned.
You start resting.
You hear the steady creaking of a very distant portcullis.
There is a bloodstained altar of Trog here.
NotYourErnst's ghost turns its malevolent gaze towards you.
You hear a shout!
The two-headed ogre shouts in stereo!
There is an open door here.
You see here 4 stones.
You hear the steady creaking of a very distant portcullis.
There is an open door here.
There is an open door here.
You open the door.
A steam dragon comes into view.
Found a leather armour.
The steam dragon hisses angrily.
The steam dragon breathes steam at you. The ball of steam hits you.
There is an open door here.
The steam dragon breathes steam at you. The ball of steam hits you.
Unknown command.
You are too injured to fight recklessly!
Unknown command.
You are too injured to fight recklessly!
The steam dragon breathes steam at you. The ball of steam hits you!!
* * * LOW HITPOINT WARNING * * *
You are too injured to fight recklessly!
Unknown command.
You are engulfed in a cloud of scalding steam.
* * * LOW HITPOINT WARNING * * *
The steam dragon bites you.
You die...

###+##+
#.D@§§#
#...§.#
+##'##+ ##
#..#.§[..#
#.
#..#+###+#
#.
#..#....
#. +..+.._
#. #..#..
#.
#..#'###+#
#.


You could see a steam dragon (catching breath).

Vanquished Creatures
  A two-headed ogre (D:5)
  Jeremiah (D:7)
  A steam dragon (D:7)
  Edmund (D:4)
  An ice beast (D:8)
  3 sky beasts
  2 black bears (D:6)
  3 ogres (D:5)
  A crocodile (Sewer)
  A kobold brigand (D:6)
  A weeping skull (Ossuary)
  2 bullfrogs (D:6)
  A gnoll sergeant (D:8)
  3 scorpions
  6 killer bees (D:8)
  2 howler monkeys (D:8)
  2 bombardier beetles
  3 hounds
  2 jellies
  3 centaur zombies (Ossuary)
  3 orc priests
  A human zombie (Ossuary)
  8 iguanas
  2 scorpion zombies (Ossuary)
  A sleepcap (D:7)
  8 orc wizards
  An ogre zombie (Ossuary)
  7 gnolls
  8 adders
  A shadow imp (D:7)
  2 ufetubi (D:6)
  4 adder zombies (Ossuary)
  4 dart slugs
  A ribbon worm (D:2)
  30 orcs
  9 ball pythons
  5 bats
  6 endoplasms
  6 giant cockroaches
  5 gnoll zombies (Ossuary)
  4 goblins
  5 hobgoblins
  8 jackals
  16 kobolds
  4 quokkas
  4 frilled lizards
  2 goblin zombies (Ossuary)
  3 hobgoblin zombies (Ossuary)
  2 orc zombies (Ossuary)
  7 rats
207 creatures vanquished.

Vanquished Creatures (others)
  A spectral weapon (D:5)
1 creature vanquished.

Grand Total: 208 creatures vanquished

Notes
Turn   | Place    | Note
-------+----------+-------------------------------------------
     0 | D:1      | DEFE the Coglin Fighter began the quest for the Orb.
     0 | D:1      | Reached XP level 1. HP: 18/18 MP: 1/1
   137 | D:1      | Reached XP level 2. HP: 24/24 MP: 2/2
   302 | D:1      | Reached skill level 3 in Axes
   468 | D:1      | Reached XP level 3. HP: 18/29 MP: 3/3
  1178 | D:2      | Reached skill level 4 in Axes
  1487 | D:2      | Reached XP level 4. HP: 34/35 MP: 4/4
  1936 | D:2      | Found a glowing golden altar of the Shining One.
  2215 | D:2      | Found a faded altar of an unknown god.
  2606 | D:3      | Reached skill level 5 in Axes
  2608 | D:3      | Found a glowing drain.
  2623 | Sewer    | Entered a sewer
  2649 | Sewer    | Reached XP level 5. HP: 41/41 MP: 5/5
  2701 | Sewer    | Noticed a crocodile
  2708 | Sewer    | Killed a crocodile
  3099 | D:3      | Found a white marble altar of Elyvilon.
  3287 | D:3      | Reached skill level 6 in Axes
  3486 | D:4      | Reached XP level 6. HP: 47/47 MP: 6/6
  3509 | D:4      | Noticed Edmund
  3518 | D:4      | Killed Edmund
  3519 | D:4      | Reached skill level 7 in Axes
  3525 | D:4      | Reached XP level 7. HP: 25/52 MP: 7/7
  3644 | D:4      | Found a shimmering blue altar of Sif Muna.
  3765 | D:4      | Reached skill level 8 in Axes
  3791 | D:4      | Found a sand-covered staircase.
  3796 | Ossuary  | Entered an ossuary
  4015 | Ossuary  | Reached skill level 9 in Axes
  4015 | Ossuary  | Reached XP level 8. HP: 58/58 MP: 8/8
  4161 | Ossuary  | Noticed a silent spectre
  4682 | D:5      | Entered Level 5 of the Dungeon
  4791 | D:5      | Found a staircase to the Ecumenical Temple.
  4808 | Temple   | Entered the Ecumenical Temple
  4819 | Temple   | Became a worshipper of Warmaster Okawaru
  4837 | D:5      | Noticed a two-headed ogre
  4845 | D:5      | Killed a two-headed ogre
  4845 | D:5      | Reached * piety under Okawaru
  4846 | D:5      | Reached skill level 10 in Axes
  5059 | D:5      | Reached XP level 9. HP: 39/63 MP: 11/11
  5388 | D:5      | Found an ancient bone altar of Kikubaaqudgha.
  5422 | D:5      | Found a snail-covered altar of Cheibriados.
  5900 | D:5      | Reached ** piety under Okawaru
  6142 | D:6      | Found Motofr Yblu's Tremendous Tomes.
  6420 | D:6      | Reached skill level 11 in Axes
  6717 | D:6      | Found a hide-covered altar of Uskayaw.
  6791 | D:6      | Reached skill level 5 in Invocations
  7101 | D:7      | Identified the +2 robe "Kurah" {^Contam rElec Dex+9 Stlth+}
  7524 | D:7      | Noticed Jeremiah
  7577 | D:7      | Killed Jeremiah
  7577 | D:7      | Reached *** piety under Okawaru
  7984 | D:7      | Reached XP level 10. HP: 54/70 MP: 14/14
  8564 | D:8      | Found a stormy altar of Qazlal.
  8574 | D:8      | Reached skill level 12 in Axes
  8733 | D:8      | Found a burning altar of Makhleb.
  8784 | D:8      | Identified the +2 great mace of Ockaxugh {pain, rElec rF+}
  8784 | D:8      | Identified the +10 great mace of Hosaxel {spect, Will-
                  | Dex+3}
  8784 | D:8      | Noticed a two-headed ogre
  8786 | D:8      | Found a transporter.
  8787 | D:8      | Noticed NotYourErnst's ghost (novice GrIE)
  8820 | D:8      | Reached skill level 1 in Evocations
  8890 | D:8      | Found a bloodstained altar of Trog.
  8916 | D:8      | HP: 3/70 [poisoned by a killer bee]
  9015 | D:8      | HP: 1/70 [steam dragon] (7)]
  9015 | D:8      | Slain by a steam dragon

Illustrated notes

Levels and vault maps discovered:
D:1:      lemuel_arrival_tunnels, layout_basic
D:2:      layout_basic, shapermc_ecumenical_altar_hornbeckon, basic_altar,
          minmay_randomly_rotated_circles
D:3:      layout_basic, lemuel_coloured_pillars_altar,
          mainiacjoe_sewer_entry_somewhere_in_here_1
D:4:      layout_rooms, nicolae_sif_muna_condensation, enter_ossuary_2,
          uniq_edmund
D:5:      layout_layer_cave, kiku_gazebo_pond_becter, mainiacjoe_overflow_paths,
          minmay_temple_entry_statues_fountains
D:6:      layout_basic, nicolae_uskayaw_dance_studio,
          nicolae_shop_i_like_big_books, st_stairs_13
D:7:      layout_layer_cave, uniq_jeremiah
D:8:      layout_basic, old_standard_altar, nicolae_qazlal_beasts_of_the_sky,
          mainiacjoe_overflow_24_doors, lemuel_crystal_altar, enter_bailey_8,
          gammafunk_ghost_smash, uniq_maggie
Temple:   nicolae_temple_bog_church

Skill      XL: |  1  2  3  4  5  6  7  8  9 10 |
---------------+-------------------------------+-----
Axes           | 3 4 5 6 7 9 10 11 12 | 12.2
Invocations    | 3 6 |  6.5
Evocations     | 1 |  1.8
Fighting       | |  3.0
Armour         | |  2.6
Shields        | |  2.1

Action                     |  1- 3 |  4- 6 |  7- 9 | 10-12 || total
---------------------------+-------+-------+-------+-------++-------
  Melee: War axe           |    70 |   106 |   185 |    33 ||   394
         Hand axe          |       |       |   115 |    39 ||   154
  Evoke: Wand              |       |       |     3 |       ||     3
    Use: Scroll            |       |     5 |    11 |     1 ||    17
         Potion            |       |     1 |       |     1 ||     2
   Stab: Distracted        |       |       |     3 |       ||     3
         Paralysed         |       |       |     1 |       ||     1
 Armour: Scale mail        |    52 |    34 |       |       ||    86
         Plate armour      |       |   114 |   135 |    74 ||   323
  Dodge: Dodged            |    30 |    31 |    31 |    12 ||   104
  Block: Buckler           |    14 |    19 |     5 |       ||    38

Table legend: (Time is in decaauts)
 A = Elapsed time spent in this place.
 B = Non-inter-level travel time spent in this place.
 C = Inter-level travel time spent in this place.
 D = Time resting spent in this place.
 E = Time spent auto-exploring this place.
 F = Levels seen in this place.
 G = Mean time per level.
                   A        B        C        D        E       F      G
               +--------+--------+--------+--------+--------+-----+--------+
         Total |   9085 |   8443 |    642 |   1111 |   5806 |  11 |  825.9 |
       Dungeon |   8308 |   7676 |    632 |    705 |   5595 |   8 | 1038.5 |
        Temple |    189 |    179 |     10 |    164 |      0 |   1 |  189.0 |
         Sewer |    180 |    180 |      0 |      0 |    138 |   1 |  180.0 |
       Ossuary |    407 |    407 |      0 |    242 |     72 |   1 |  407.0 |
               +--------+--------+--------+--------+--------+-----+--------+

Top non-repeatable levels by time:
     D:7: 1659 daAuts
     D:2: 1355 daAuts
     D:5: 1254 daAuts
     D:1: 1180 daAuts
     D:3: 991 daAuts
     D:6: 730 daAuts
     D:4: 654 daAuts
     D:8: 482 daAuts
 Ossuary: 407 daAuts
  Temple: 189 daAuts
   Sewer: 180 daAuts
